 Dungeon Crawl Stone Soup version 0.28-a0-580-ga2639ab843 (webtiles) character file.

Game seed: 10022825172091196507

53 iamoutofideas the Firebug (level 3, 19/19 HPs)
             Began as a Deep Elf Fire Elementalist on Oct 2, 2021.
             Quit the game on level 2 of the Dungeon.
             The game lasted 00:02:03 (1880 turns).

iamoutofideas the Firebug (DEFE)                    Turns: 1880, Time: 00:02:04

Health: 19/19      AC:  2    Str:  6    XL:     3   Next: 64%
Magic:  10/10      EV: 12    Int: 19    God:
Gold:   22         SH:  0    Dex: 15    Spells: 8/9 levels left

rFire   . . .      SeeInvis .   (no weapon)
rCold   . . .      Faith    .   (no shield)
rNeg    . . .      Spirit   .   a - +0 robe
rPois   .          Reflect  .   (no helmet)
rElec   .          Harm     .   (no cloak)
rCorr   .          Rampage  .   (no gloves)
Will    .....                   (no boots)
Stlth   ++........              (no amulet)
HPRegen 0.06/turn               e - ring of wizardry
MPRegen 0.12/turn               (no ring)

@: no status effects
A: no striking features
a: no special abilities


You were on level 2 of the Dungeon.
You visited 1 branch of the dungeon, and saw 2 of its levels.

You collected 22 gold pieces.

Inventory:

Armour
 a - a +0 robe (worn)
Jewellery
 e - a ring of wizardry (left hand)
Scrolls
 b - a scroll of teleportation {unknown}
 c - a scroll of amnesia {unknown}
 d - a scroll of fog {unknown}
Potions
 f - a potion of mutation {unknown}
 g - 2 potions of curing {unknown}
 h - a potion of ambrosia {unknown}


   Skills:
 - Level 2.5 Dodging
 - Level 2.5 Stealth
 + Level 3.9 Spellcasting
 - Level 1.2 Conjurations
 * Level 4.5 Fire Magic


You had 8 spell levels left.
You knew the following spells:

 Your Spells              Type           Power      Damage    Failure   Level
a - Foxfire               Conj/Fire      56%        2x1d6     1%          1

Your spell library contained the following spells:

 Spells                   Type           Power      Damage    Failure   Level
 Scorch                   Fire           40%        2d7       1%          2
 Conjure Flame            Conj/Fire      14%        6-21      5%          3
 Inner Flame              Hex/Fire       12%        N/A       7%          3
 Flame Wave               Conj/Fire      14%        3d5       16%         4


Dungeon Overview and Level Annotations

Branches:
Dungeon (2/15)

Altars:


Message History

The foxfire hits Terence but does no damage.
Terence is severely wounded.
Terence closely misses you.
Casting: Foxfire (safe; 1% risk of failure)
Confirm with . or Enter, or press ? or * to list all spells.
You conjure some foxfire!
Terence barely misses you.
The foxfire hits Terence.
Terence is almost dead.
The foxfire hits Terence.
You kill Terence!
Casting: Foxfire (safe; 1% risk of failure)
Confirm with . or Enter, or press ? or * to list all spells.
You conjure some foxfire!
h - a smoky amethyst potion
Things that are here:
a +0 falchion; a +0 scale mail; the human corpse of Terence Your foxfire dissipates!
Key pressed, stopping explore.
HP restored.
You open the door.
There is an open door here.
You open the door.
There is an open door here.
You open the door. You open the door.
There is an open door here.
You open the door.
Found a faded altar of an unknown god.
There is an open door here.
You open the door.
There is an open door here.
You open the door. You open the door.
There is an open door here.
You open the door.
There is an open door here.
A ball python comes into view.
The ball python hisses angrily.
A ball python is nearby!
Are you sure you want to abandon this character and quit the game? (Confirm with "yes".)

##### #.# #.##########
#.##.......# #.##.......#
####.##.......#
#.............###
##.##.##.........#
...#...#.......#.# ##
#....@.......#.#
##...###...###.#
##.##...#..##.#
##....####..#.# ###S..###
##...# ###...+## ##..##
#...#)..## ##..#
#...##.....## #####..######
..###.......###...........#


You could see a ball python.

Vanquished Creatures
  Terence (D:2)
  A bat (D:1)
  2 endoplasms (D:1)
  2 giant cockroaches (D:1)
  A goblin (D:1)
  6 hobgoblins
  3 jackals (D:2)
  3 kobolds (D:1)
  A quokka (D:1)
  2 frilled lizards (D:1)
  A rat (D:2)
23 creatures vanquished.

Vanquished Creatures (collateral kills)
  4 foxfires (D:1)
4 creatures vanquished.

Vanquished Creatures (others)
  98 foxfires
  A plant (D:1)
99 creatures vanquished.

Grand Total: 126 creatures vanquished

Notes
Turn   | Place    | Note
-------+----------+-------------------------------------------
     0 | D:1      | iamoutofideas the Deep Elf Fire Elementalist began the
                  | quest for the Orb.
     0 | D:1      | Reached XP level 1. HP: 10/10 MP: 6/6
   277 | D:1      | Reached XP level 2. HP: 15/15 MP: 2/8
  1223 | D:2      | Reached skill level 4 in Fire Magic
  1439 | D:2      | Reached XP level 3. HP: 19/19 MP: 5/10
  1570 | D:2      | Noticed Terence
  1582 | D:2      | Killed Terence
  1780 | D:2      | Found a faded altar of an unknown god.
  1880 | D:2      | Quit the game

Illustrated notes

Levels and vault maps discovered:
D:1:      shiori_arrival_elements, layout_loops_ring, kennysheep_boxes
D:2:      layout_loops_corners, hellmonk_ecumenical_altar_heavens_door,
          uniq_natasha, uniq_terence

Skill      XL: |  1  2 |
---------------+-------+-----
Fire Magic     | 4 |  4.5
Dodging        | |  2.5
Stealth        | |  2.5
Spellcasting   | |  3.9
Conjurations   | |  1.2

Action                   || total
-------------------------++-------
 Cast: Foxfire           ||    63
Armor: Robe              ||     3
Dodge: Dodged            ||     8

Table legend: (Time is in decaauts)
 A = Elapsed time spent in this place.
 B = Non-inter-level travel time spent in this place.
 C = Inter-level travel time spent in this place.
 D = Time resting spent in this place.
 E = Time spent auto-exploring this place.
 F = Levels seen in this place.
 G = Mean time per level.
                   A        B        C        D        E       F      G
               +--------+--------+--------+--------+--------+-----+--------+
         Total |   1879 |   1853 |     26 |    104 |   1534 |   2 |  939.5 |
       Dungeon |   1879 |   1853 |     26 |    104 |   1534 |   2 |  939.5 |
               +--------+--------+--------+--------+--------+-----+--------+

Top non-repeatable levels by time:
     D:1: 1176 daAuts
     D:2: 702 daAuts
